TOP OF THE 1ST |
District 9 Prawns batting - Pitching for Calgary Cowboys : RHP William Bryant
|
Pitching: RHP William Bryant
|
|
Batting: SHB Júlio Macías
|
0-0: Ball 1-0: Ball 2-0: Ball 3-0: Called Strike 3-1: Foul Ball, location: 2F 3-2: Strikes out looking
|
Batting: RHB José Colón
|
0-0: Ball 1-0: Ball 2-0: Ball 3-0: Foul Ball, location: 2F 3-1: Foul Ball, location: 2F 3-2: Strikes out swinging
|
Batting: LHB Terry Simpson
|
0-0: Ball 1-0: Called Strike 1-1: Ball 2-1: Called Strike 2-2: Fly out, F5 (Popup, 56S)
|
Top of the 1st over - 0 runs, 0 hits, 0 errors, 0 left on base; District 9 0 - Calgary 0 |
BOTTOM OF THE 1ST |
Calgary Cowboys batting - Pitching for District 9 Prawns : RHP Larry Johnston
|
Pitching: RHP Larry Johnston
|
|
Batting: RHB Jesús Morales
|
0-0: Called Strike 0-1: Ball 1-1: Ball 2-1: DOUBLE (Line Drive, 78D)
|
Batting: LHB Dave Watt
|
0-0: Ball 1-0: Ball 2-0: Called Strike 2-1: Foul Ball, location: 2F 2-2: Foul Ball, location: 2F 2-2: DOUBLE (Flyball, 89D) Jesús Morales scores
|
Batting: LHB Edgar López
|
0-0: Swinging Strike 0-1: Foul Ball, location: 2F 0-2: Ball 1-2: Foul Ball, location: 2F 1-2: SINGLE (Groundball, 34D) Dave Watt to third Runner from 3rd tries for Home, SAFE, no throw
|
Batting: SHB Ramiro Medrano
|
0-0: Ball 1-0: Called Strike 1-1: Called Strike 1-2: Ball 2-2: Strikes out swinging
|
Batting: RHB Alfredo Hernández
|
0-0: Called Strike 0-1: Called Strike 0-2: Strikes out swinging
|
Batting: LHB Bo Rush
|
0-0: Ball 1-0: SINGLE (Flyball, 9S) Edgar López to second Runner from 2nd tries for 3rd, SAFE, throw made to third
|
Pinch Runner at 3rd Johnny Hawson:
|
|
Batting: RHB Joe Lewis
|
0-0: Ball 1-0: Called Strike 1-1: Called Strike 1-2: Ball 2-2: Strikes out looking
|
Bottom of the 1st over - 2 runs, 4 hits, 0 errors, 2 left on base; District 9 0 - Calgary 2 |
TOP OF THE 2ND |
District 9 Prawns batting - Pitching for Calgary Cowboys : RHP William Bryant
|
Now at 2B: Johnny Hawson
|
|
Batting: LHB Mike Davis
|
0-0: Ball 1-0: Fly out, F9 (Flyball, 89XD)
|
Batting: LHB Jeff Doss
|
0-0: Ball 1-0: Fly out, F9 (Line Drive, 89D)
|
Batting: LHB Manuel Cardenas
|
0-0: Called Strike 0-1: Ball 1-1: Foul Ball, location: 2F 1-2: Ball 2-2: Foul Ball, location: 2F 2-2: Ball 3-2: Foul Ball, location: 2F 3-2: Foul Ball, location: 2F 3-2: Ground out U3 (Groundball, 34)
|
Top of the 2nd over - 0 runs, 0 hits, 0 errors, 0 left on base; District 9 0 - Calgary 2 |
BOTTOM OF THE 2ND |
Calgary Cowboys batting - Pitching for District 9 Prawns : RHP Larry Johnston
|
Batting: RHB César Rodríguez
|
0-0: Ball 1-0: Called Strike 1-1: Ball 2-1: Foul Ball, location: 2F 2-2: Foul Ball, location: 2F 2-2: Ground out 5-3 (Groundball, 56)
|
Batting: RHB Ismael Ortíz
|
0-0: Called Strike 0-1: SINGLE (Groundball, 6MD)
|
Batting: RHB Jesús Morales
|
0-0: Fly out, F8 (Flyball, 8RD)
|
Batting: LHB Dave Watt
|
0-0: Ball 1-0: Fielders Choice at 2nd, U4 (Groundball, 4M)
|
Bottom of the 2nd over - 0 runs, 1 hit, 0 errors, 1 left on base; District 9 0 - Calgary 2 |
TOP OF THE 3RD |
District 9 Prawns batting - Pitching for Calgary Cowboys : RHP William Bryant
|
Batting: LHB António Romo
|
0-0: Ball 1-0: Ball 2-0: SINGLE (Groundball, 34D)
|
Batting: RHB Alfredo Rangel
|
0-0: SINGLE (Groundball, 6D) António Romo to second
|
Batting: LHB Culley Vaughan
|
0-0: Ball 1-0: Swinging Strike 1-1: Foul Ball, location: 2F 1-2: SINGLE (Groundball, 34D) António Romo to third Alfredo Rangel to second
|
Batting: SHB Júlio Macías
|
0-0: Ball 1-0: Called Strike 1-1: Grounds into fielders choice 2-2 (Groundball, 2L) Alfredo Rangel to third Culley Vaughan to second
|
Batting: RHB José Colón
|
0-0: Grounds into double play, 4-6-3 (Groundball, 4)
|
Top of the 3rd over - 0 runs, 3 hits, 0 errors, 2 left on base; District 9 0 - Calgary 2 |
BOTTOM OF THE 3RD |
Calgary Cowboys batting - Pitching for District 9 Prawns : RHP Larry Johnston
|
Batting: RHB Johnny Hawson
|
0-0: Called Strike 0-1: Swinging Strike 0-2: Ball 1-2: Ball 2-2: Strikes out swinging passed ball, reaches first!
|
Batting: SHB Ramiro Medrano
|
0-0: Called Strike 0-1: Ball Pickoff Throw by Catcher to First - Out! 1-1: Swinging Strike 1-2: Foul Ball, location: 2F 1-2: Strikes out swinging, 2-3 out at first.
|
Batting: RHB Alfredo Hernández
|
0-0: Ball 1-0: Foul Ball, location: 2F 1-1: Foul Ball, location: 2F 1-2: Strikes out swinging
|
Bottom of the 3rd over - 0 runs, 0 hits, 0 errors, 0 left on base; District 9 0 - Calgary 2 |
TOP OF THE 4TH |
District 9 Prawns batting - Pitching for Calgary Cowboys : RHP William Bryant
|
Batting: LHB Terry Simpson
|
0-0: Ball 1-0: Called Strike 1-1: Swinging Strike 1-2: SOLO HOME RUN (Flyball, 9D), Distance : 386 ft
|
Batting: LHB Mike Davis
|
0-0: Called Strike 0-1: Ball 1-1: Swinging Strike 1-2: Ball 2-2: Ball 3-2: DOUBLE (Line Drive, 78XD)
|
Batting: LHB Jeff Doss
|
0-0: Swinging Strike 0-1: SINGLE (Groundball, 34D) Mike Davis to third
|
Batting: LHB Manuel Cardenas
|
0-0: Ball 1-0: Foul Ball, location: 2F 1-1: SINGLE (Groundball, 34S) (infield hit) Mike Davis scores Jeff Doss to second
|
Batting: LHB António Romo
|
0-0: Ball 1-0: Called Strike 1-1: Ball 2-1: Foul Ball, location: 2F 2-2: Fly out, F9 (Flyball, 89D)
|
Batting: RHB Alfredo Rangel
|
0-0: Ball 1-0: Fly out, F7 (Flyball, 7LMF)
|
Batting: LHB Culley Vaughan
|
0-0: Called Strike 0-1: Ball 1-1: Ball 2-1: Called Strike 2-2: Foul Ball, location: 2F 2-2: Ground out U3 (Groundball, 3S)
|
Top of the 4th over - 2 runs, 4 hits, 0 errors, 2 left on base; District 9 2 - Calgary 2 |
BOTTOM OF THE 4TH |
Calgary Cowboys batting - Pitching for District 9 Prawns : RHP Larry Johnston
|
Batting: LHB Bo Rush
|
0-0: Ball 1-0: Ground out 4-3 (Groundball, 4M)
|
Batting: RHB Joe Lewis
|
0-0: Called Strike 0-1: Ball 1-1: Fly out, F9 (Flyball, 89D)
|
Batting: RHB César Rodríguez
|
0-0: Ground out 5-3 (Groundball, 25)
|
Bottom of the 4th over - 0 runs, 0 hits, 0 errors, 0 left on base; District 9 2 - Calgary 2 |
TOP OF THE 5TH |
District 9 Prawns batting - Pitching for Calgary Cowboys : RHP William Bryant
|
Batting: SHB Júlio Macías
|
0-0: Fly out, F7 (Line Drive, 7)
|
Batting: RHB José Colón
|
0-0: Ball 1-0: Ball 2-0: Ground out 6-3 (Groundball, 6MS)
|
Batting: LHB Terry Simpson
|
0-0: Called Strike 0-1: Called Strike 0-2: Ground out U3 (Groundball, 3)
|
Top of the 5th over - 0 runs, 0 hits, 0 errors, 0 left on base; District 9 2 - Calgary 2 |
BOTTOM OF THE 5TH |
Calgary Cowboys batting - Pitching for District 9 Prawns : RHP Larry Johnston
|
Batting: RHB Ismael Ortíz
|
0-0: Ball 1-0: SINGLE (Flyball, 9S)
|
Batting: RHB Jesús Morales
|
0-0: Ball 1-0: SINGLE (Flyball, 9LS) Ismael Ortíz to second
|
Batting: LHB Dave Watt
|
0-0: Ball 1-0: SINGLE (Flyball, 8LS) Ismael Ortíz to third Jesús Morales to second Runner from 3rd tries for Home, SAFE, throw made home
|
Batting: RHB Johnny Hawson
|
0-0: Ball 1-0: Swinging Strike 1-1: Ball 2-1: Swinging Strike 2-2: Ball Passed Ball! Jesús Morales to third Dave Watt to second 3-2: Strikes out looking
|
Batting: SHB Ramiro Medrano
|
0-0: Ball 1-0: Ball 2-0: Ball 3-0: Called Strike 3-1: Base on Balls
|
Batting: RHB Alfredo Hernández
|
0-0: Ball 1-0: Foul Ball, location: 2F 1-1: Ball 2-1: Called Strike 2-2: Strikes out swinging
|
Batting: LHB Bo Rush
|
0-0: Called Strike 0-1: Foul Ball, location: 2F 0-2: Ball 1-2: Strikes out swinging
|
Bottom of the 5th over - 1 run, 3 hits, 0 errors, 3 left on base; District 9 2 - Calgary 3 |
TOP OF THE 6TH |
District 9 Prawns batting - Pitching for Calgary Cowboys : RHP William Bryant
|
Batting: LHB Mike Davis
|
0-0: Ball 1-0: SINGLE (Groundball, 34D)
|
Batting: LHB Jeff Doss
|
0-0: Ball 1-0: Ball 2-0: Called Strike 2-1: Called Strike 2-2: Foul Ball, location: 2F 2-2: Ball 3-2: Base on Balls Mike Davis to second
|
Batting: LHB Manuel Cardenas
|
0-0: Ball 1-0: Called Strike 1-1: TRIPLE (Line Drive, 8RXD) Mike Davis scores Jeff Doss scores
|
Pitching: RHP José Ramos
|
|
Batting: LHB António Romo
|
0-0: Swinging Strike 0-1: Ground out 5-3 (Groundball, 56)
|
Batting: RHB Alfredo Rangel
|
0-0: Ball 1-0: Ball 2-0: Foul Ball, location: 2F 2-1: Called Strike 2-2: Strikes out swinging
|
Batting: LHB Culley Vaughan
|
0-0: Ball 1-0: Ground out U3 (Groundball, 3)
|
Top of the 6th over - 2 runs, 2 hits, 0 errors, 1 left on base; District 9 4 - Calgary 3 |
BOTTOM OF THE 6TH |
Calgary Cowboys batting - Pitching for District 9 Prawns : RHP Larry Johnston
|
Pitching: LHP Ricardo Vega
|
|
Batting: RHB Joe Lewis
|
0-0: Ball 1-0: Called Strike 1-1: Ball 2-1: Foul Ball, location: 2F 2-2: Ball 3-2: Strikes out swinging
|
Batting: RHB César Rodríguez
|
0-0: Ball 1-0: SINGLE (Groundball, 6MD)
|
Batting: RHB Ismael Ortíz
|
0-0: Ball 1-0: Ball 2-0: Ball 3-0: Called Strike 3-1: Called Strike 3-2: Ground out 4-3 (Groundball, 34) César Rodríguez to second
|
Batting: RHB Jesús Morales
|
0-0: Ball 1-0: Ball 2-0: Called Strike 2-1: Ball 3-1: Base on Balls
|
Batting: LHB Dave Watt
|
0-0: Ball 1-0: Foul Ball, location: 2F 1-1: Called Strike 1-2: Ball 2-2: Strikes out swinging
|
Bottom of the 6th over - 0 runs, 1 hit, 0 errors, 2 left on base; District 9 4 - Calgary 3 |
TOP OF THE 7TH |
District 9 Prawns batting - Pitching for Calgary Cowboys : RHP José Ramos
|
Batting: SHB Júlio Macías
|
0-0: Ball 1-0: Ground out 1-3 (Groundball, 15)
|
Batting: RHB José Colón
|
0-0: Foul Ball, location: 2F 0-1: Ball 1-1: Ground out 6-3 (Groundball, 6)
|
Pitching: LHP Alfredo Durán
|
|
Batting: LHB Terry Simpson
|
0-0: Foul Ball, location: 2F 0-1: Ball 1-1: Ball 2-1: Called Strike 2-2: Ground out 4-3 (Groundball, 4)
|
Top of the 7th over - 0 runs, 0 hits, 0 errors, 0 left on base; District 9 4 - Calgary 3 |
BOTTOM OF THE 7TH |
Calgary Cowboys batting - Pitching for District 9 Prawns : LHP Ricardo Vega
|
Batting: RHB Johnny Hawson
|
0-0: Called Strike 0-1: Ground out 6-3 (Groundball, 6M)
|
Batting: SHB Ramiro Medrano
|
0-0: Swinging Strike 0-1: Foul Ball, location: 2F 0-2: Strikes out swinging
|
Batting: RHB Alfredo Hernández
|
0-0: Called Strike 0-1: Swinging Strike 0-2: Strikes out swinging
|
Bottom of the 7th over - 0 runs, 0 hits, 0 errors, 0 left on base; District 9 4 - Calgary 3 |
TOP OF THE 8TH |
District 9 Prawns batting - Pitching for Calgary Cowboys : LHP Alfredo Durán
|
Batting: LHB Mike Davis
|
0-0: Called Strike 0-1: Ball 1-1: Ball 2-1: Called Strike 2-2: Fly out, F7 (Flyball, 7)
|
Batting: LHB Jeff Doss
|
0-0: Fly out, F9 (Flyball, 9D)
|
Batting: LHB Manuel Cardenas
|
0-0: Ball 1-0: Foul Ball, location: 2F 1-1: Called Strike 1-2: Foul Ball, location: 2F 1-2: Ball 2-2: Ball 3-2: Foul Ball, location: 2F 3-2: Fly out, F7 (Flyball, 7)
|
Top of the 8th over - 0 runs, 0 hits, 0 errors, 0 left on base; District 9 4 - Calgary 3 |
BOTTOM OF THE 8TH |
Calgary Cowboys batting - Pitching for District 9 Prawns : LHP Ricardo Vega
|
Now in LF: Donnie Cunningham
|
|
Batting: LHB Bo Rush
|
0-0: Ball 1-0: Called Strike 1-1: Swinging Strike 1-2: Ball 2-2: SINGLE (Line Drive, 56D)
|
Pitching: RHP Fernando Mendoza
|
|
Batting: RHB Joe Lewis
|
0-0: Foul Ball, location: 2F 0-1: Ball 1-1: Swinging Strike 1-2: Strikes out swinging
|
Pinch Hitting: LHB Del Kennedy
|
0-0: Ball 1-0: Ball 2-0: Foul Ball, location: 2F 2-1: Ball 3-1: Base on Balls Bo Rush to second
|
Pinch Runner at 2nd Alejandro Rojas:
|
|
Batting: RHB Ismael Ortíz
|
0-0: Grounds into double play, 5-4-3 (Groundball, 56)
|
Bottom of the 8th over - 0 runs, 1 hit, 0 errors, 1 left on base; District 9 4 - Calgary 3 |
TOP OF THE 9TH |
District 9 Prawns batting - Pitching for Calgary Cowboys : LHP Alfredo Durán
|
Pitching: RHP Junior Mateo
|
|
Now at 1B: Mario Sánchez
|
|
Now in CF: Del Kennedy
|
|
Batting: LHB António Romo
|
0-0: Foul Ball, location: 2F 0-1: Ball 1-1: Ball 2-1: Foul Ball, location: 2F 2-2: Strikes out swinging
|
Batting: RHB Alfredo Rangel
|
0-0: Ball 1-0: Ball 2-0: Ball 3-0: Base on Balls
|
Pinch Hitting: LHB Jeff Thompson
|
0-0: Ball 1-0: Ball 2-0: Grounds into double play, 4-6-3 (Groundball, 4M)
|
Top of the 9th over - 0 runs, 0 hits, 0 errors, 0 left on base; District 9 4 - Calgary 3 |
BOTTOM OF THE 9TH |
Calgary Cowboys batting - Pitching for District 9 Prawns : RHP Fernando Mendoza
|
Pitching: RHP Mike Stabler
|
|
Now in RF: Jeff Thompson
|
|
Batting: RHB Jesús Morales
|
0-0: Foul Ball, location: 2F 0-1: Ball 1-1: SINGLE (Groundball, 34D)
|
Batting: LHB Dave Watt
|
0-0: Bunted foul 0-1: Bunt missed! 0-2: Ball 1-2: Ball 2-2: Strikes out looking
|
Batting: RHB Johnny Hawson
|
0-0: Called Strike 0-1: Called Strike 0-2: Strikes out swinging
|
Batting: SHB Ramiro Medrano
|
0-0: Foul Ball, location: 2F 0-1: Ball 1-1: Swinging Strike 1-2: Strikes out looking
|
Bottom of the 9th over - 0 runs, 1 hit, 0 errors, 1 left on base; District 9 4 - Calgary 3 |
|